 Dungeon Crawl Stone Soup version 0.29-a0-304-gb34f9e133a (webtiles) character file.

Game seed: 6096638227827656242

97 Ajdolov the Sneak (level 5, -2/30 HPs)
             Began as a Kobold Brigand on Mar 26, 2022.
             Slain by a goblin
             ... wielding a +0 club
             ... led by Robin
              (3 damage)
             ... on level 2 of the Dungeon.
             The game lasted 00:04:15 (3245 turns).

Ajdolov the Sneak (Kobold Brigand)                  Turns: 3245, Time: 00:04:15

Health: -2/30      AC:  3    Str: 15    XL:     5   Next: 0%
Magic:  5/5        EV: 14    Int: 12    God:
Gold:   154        SH:  5    Dex: 18    Spells: 4/4 levels left

rFire   . . .      SeeInvis .   a - +2 dagger
rCold   . . .      Faith    .   (no shield)
rNeg    . . .      Spirit   .   b - +0 robe
rPois   .          Reflect  +   (no helmet)
rElec   .          Harm     .   c - +0 cloak
rCorr   .          Rampage  .   (no gloves)
Will    +....                   (no boots)
Stlth   +++++.....              j - amulet of reflection
HPRegen 0.10/turn               l - +6 ring of strength
MPRegen 0.09/turn               s - ring of willpower

@: brilliant, about to teleport
A: small, no large weapons, nightstalker 3
a: no special abilities


You were on level 2 of the Dungeon.
You visited 1 branch of the dungeon, and saw 3 of its levels.
You visited the Abyss 1 time.

You collected 154 gold pieces.

Inventory:

Hand Weapons
 a - a +2 dagger (weapon)
Missiles
 d - 26 poisoned darts (quivered)
Armour
 b - a +0 robe (worn)
 c - a +0 cloak (worn)
Jewellery
 j - an amulet of reflection (around neck)
 k - a ring of resist corrosion
 l - a +6 ring of strength (left hand)
 p - a +6 ring of strength
 s - a ring of willpower (right hand)
Wands
 o - a wand of digging (1)
Scrolls
 f - 2 scrolls of enchant armour {unknown}
 h - a scroll of magic mapping {unknown}
 r - a scroll of noise {unknown}
Potions
 g - 3 potions of brilliance
 i - a potion of degeneration {unknown}
 m - a potion of might {unknown}
 n - a potion of curing {unknown}


   Skills:
 - Level 2.1 Fighting
 + Level 4.1 Short Blades
 - Level 2.1 Throwing
 - Level 1.2 Dodging
 * Level 7.4 Stealth


You had 4 spell levels left.
You didn't know any spells.
Your spell library contained the following spells:

 Spells                   Type           Power      Damage    Failure   Level
 Corpse Rot               Necr/Air       0%         N/A       45%         2
 Ozocubu's Armour         Ice            0%         N/A       69%         3
 Dispel Undead            Necr           0%         3d6       97%         4
 Metabolic Englaciation   Hex/Ice        0%         N/A       100%        5
 Death Channel            Necr           0%         N/A       100%        6
 Simulacrum               Ice/Necr       0%         N/A       100%        6


Dungeon Overview and Level Annotations

Branches:
Dungeon (3/15)

Altars:

Annotations:
D:3 Robin


Innate Abilities, Weirdness & Mutations

You are small and have problems with some larger weapons.
You are completely attuned to the shadows.


Message History

There is a stone staircase leading up here.
You block the goblin's attack. The hobgoblin closely misses you.
The goblin hits you with a +0 dagger. The goblin hits you with a +0 club.
You climb upwards.
There is a stone staircase leading down here.
Unknown command.
You hit the hobgoblin.
The hobgoblin is lightly wounded.
The goblin hits you with a +0 dagger. The hobgoblin barely misses you.
You closely miss the hobgoblin.
The hobgoblin is lightly wounded.
You hit the hobgoblin.
You kill the hobgoblin!
The goblin closely misses you.
Unknown command.
You closely miss the goblin. You block the goblin's attack.
The goblin hits you with a +0 dagger.
You completely miss the goblin. The goblin completely misses you.
The goblin hits you but does no damage.
You closely miss the goblin. You block the goblin's attack. x2
Unknown command.
You hit the goblin.
You kill the goblin!
It was a potion of brilliance.
You feel clever all of a sudden.
You hit the goblin.
You kill the goblin!
You have reached level 5!
You feel stronger.
You closely miss the goblin. The goblin hits you with a +0 club.
* * * LOW HITPOINT WARNING * * *
The goblin completely misses you.
You barely miss the goblin. The goblin hits you with a +0 club.
* * * LOW HITPOINT WARNING * * *
You block the goblin's attack.
Unknown command.
As you read the scroll labelled TANTES GIMUESK, it crumbles to dust.
You feel strangely unstable.
It was a scroll of teleportation.
The goblin hits you with a +0 club.
You die...

####### ......#
############# ......#
#...........# ......#
#.#########.# ......#
#.# #.# ......# #.#
#.#
...)..##########g#
#.#
......'.......gg@#
#.#
......###############
#.#
...............)....#
#.#
###################.#
#.# ................#
#.# #.#
.##############.# #.#
#.# ..........# #.#
#.# #.# #####.....#
#.# #.# #.# ##.##..#
#.# #.# #.#


You could see 3 goblins.

Vanquished Creatures
  2 gnolls (D:3)
  A dart slug (D:2)
  7 orcs
  5 bats
  3 endoplasms (D:1)
  3 giant cockroaches
  10 hobgoblins
  2 jackals (D:1)
  A quokka (D:2)
  A ball python (D:2)
  3 frilled lizards
  11 goblins
  7 kobolds
  5 rats
61 creatures vanquished.

Notes
Turn   | Place    | Note
-------+----------+-------------------------------------------
     0 | D:1      | Ajdolov the Kobold Brigand began the quest for the Orb.
     0 | D:1      | Reached XP level 1. HP: 12/12 MP: 1/1
    59 | D:1      | Reached XP level 2. HP: 17/17 MP: 2/2
   433 | D:1      | Reached skill level 6 in Stealth
   563 | D:1      | Found a faded altar of an unknown god.
   814 | D:2      | Reached XP level 3. HP: 21/21 MP: 3/3
  1000 | D:2      | Cast into level 1 of the Abyss (orc)
  1046 | Abyss:1  | Noticed a hellwing
  1090 | Abyss:1  | Noticed a raiju
  1092 | Abyss:1  | Noticed a shadow dragon zombie
  1109 | Abyss:1  | Noticed a small abomination
  1111 | Abyss:1  | Noticed a small abomination
  1137 | D:2      | Escaped the Abyss
  2087 | D:2      | Reached XP level 4. HP: 25/26 MP: 4/4
  2528 | D:2      | Reached skill level 7 in Stealth
  3119 | D:3      | Noticed Robin
  3243 | D:2      | Reached XP level 5. HP: 11/30 MP: 5/5
  3244 | D:2      | HP: 1/30 [goblin/+0 club[Robin] (5)]
  3245 | D:2      | Slain by a goblin

Illustrated notes

Levels and vault maps discovered:
D:1:      amcnicky_arrival_double_pillar, layout_basic,
          shapermc_ecumenical_altar_notcrosses
D:2:      layout_basic
D:3:      layout_rooms, uniq_robin

Skill      XL: |  1  2  3  4 |
---------------+-------------+-----
Short Blades   | 3 4 |  4.1
Stealth        | 6 7 |  7.4
Fighting       | |  2.1
Throwing       | |  2.1
Dodging        | |  1.2

Action                   |  1- 3 |  4- 6 || total
-------------------------+-------+-------++-------
Melee: Dagger            |   112 |    51 ||   163
Throw: Dart              |     4 |     3 ||     7
  Use: Potion            |       |     1 ||     1
       Scroll            |       |     1 ||     1
 Stab: Sleeping          |    15 |     9 ||    24
Armor: Robe              |    19 |    11 ||    30
Dodge: Dodged            |    63 |    39 ||   102
Block: Other             |    18 |    13 ||    31
       Reflection        |       |     1 ||     1

Table legend: (Time is in decaauts)
 A = Elapsed time spent in this place.
 B = Non-inter-level travel time spent in this place.
 C = Inter-level travel time spent in this place.
 D = Time resting spent in this place.
 E = Time spent auto-exploring this place.
 F = Levels seen in this place.
 G = Mean time per level.
                   A        B        C        D        E       F      G
               +--------+--------+--------+--------+--------+-----+--------+
         Total |   3218 |   3094 |    124 |    981 |   1536 |   5 |  643.6 |
       Dungeon |   3082 |   2958 |    124 |    981 |   1507 |   3 | 1027.3 |
         Abyss |    136 |    136 |      0 |      0 |     29 |   2 |   68.0 |
               +--------+--------+--------+--------+--------+-----+--------+

Top non-repeatable levels by time:
     D:2: 1854 daAuts
     D:1: 967 daAuts
     D:3: 260 daAuts
 Abyss:1: 123 daAuts
 Abyss:2: 12 daAuts
